 Dungeon Crawl Stone Soup version 0.31-a0-408-gb642c7f9a3 (webtiles) character file.

Game seed: 16866168928515050731

2925 floatRand the Grappler (level 9, -5/64 HPs)
             Began as a Red Draconian Shapeshifter on July 30, 2023.
             Was a Believer of Wu Jian.
             Slain by an orc knight
             ... wielding a +0 battleaxe
              (23 damage)
             ... in a bailey.
             The game lasted 00:10:06 (5351 turns).

floatRand the Grappler (Red Draconian Shapeshifter) Turns: 5351, Time: 00:10:10

Health: -5/64      AC:  7    Str: 18    XL:     9   Next: 50%
Magic:  9/9        EV: 12    Int:  8    God:    Wu Jian [**....]
Gold:   441        SH:  0    Dex: 16    Spells: 8/8 levels left

rFire   + .          .
                       - Unarmed
rCold   + . .        (no shield)
rNeg    . . .        (body armour unavailable)
rPois   .            (helmet currently unavailable)
rElec   .            (cloak currently unavailable)
rCorr   .            (gloves currently unavailable)
SInv    .            (boots currently unavailable)
Will    .....        (no amulet)
Stlth   +            r - ring of protection from cold
HPRegen 0.30/turn    s - +4 ring of slaying
MPRegen 0.11/turn

%: no passive effects
@: short of breath, beast-form
A: beast (slay +5), breathe fire, AC +7, unfitting armour, fire resistance 1,
cold-blooded
a: Breathe Fire, Begin Untransformation, Renounce Religion, Wall Jump


You were in a bailey.
You worshipped Wu Jian.
Wu Jian was pleased with you.
You were a hulking beast.
You visited 1 branch of the dungeon, and saw 7 of its levels.
You also visited: Bailey.

You collected 441 gold pieces.

Inventory:

Missiles
 c - a throwing net
Armour
 i - the +0 pair of gloves "Piutsuet" {rElec Will++ Str-4 Int+3}
   (You acquired it in a bailey)

   Str:       It affects your strength (-4).
   Int:       It affects your intelligence (+3).
   rElec:     It insulates you from electricity.
   Will:      It greatly increases your willpower.
Jewellery
 f - a ring of ice
 r - a ring of protection from cold (left hand)
 s - a +4 ring of slaying (right hand)
 t - an amulet of faith
 v - a ring of protection from cold
Talismans
 b - a beast talisman
 e - a blade talisman
Wands
 q - a wand of roots (9)
 y - a wand of mindburst (5)
Scrolls
 d - a scroll of torment
 g - a scroll of vulnerability
Potions
 a - a potion of lignification
 h - a potion of enlightenment
 k - 3 potions of resistance
 l - 2 potions of attraction
 m - 2 potions of haste
 p - a potion of curing {unknown}


   Skills:
 - Level 1.1 Fighting
 - Level 1.7 Dodging
 * Level 11.2 Unarmed Combat
 + Level 7.1 Shapeshifting


You had 8 spell levels left.
You didn't know any spells.
Your spell library contained the following spells:

 Spells                   Type           Power      Damage    Failure   Level
 Freeze                   Ice            0%         1d3       41%         1
 Blink                    Tloc           0%         N/A       54%         2
 Frozen Ramparts          Ice            0%         1d1       78%         3
 Hailstorm                Conj/Ice       0%         3d3       78%         3
 Portal Projectile        Hex/Tloc       0%         N/A       78%         3
 Tukima's Dance           Hex            0%         N/A       78%         3
 Iskenderun's Mystic Bla  Conj/Tloc      0%         2d3       99%         4
 Manifold Assault         Tloc           0%         N/A       99%         4


Dungeon Overview and Level Annotations

Branches:
Dungeon (7/15)             Temple (0/1) D:5          Bailey (1/1)

Altars:
Kikubaaqudgha
Makhleb
Okawaru
Wu Jian
The Shining One

Shops:
D:5 :

Annotations:
D:3 1 runed translucent door, Crazy Yiuf


Innate Abilities, Weirdness & Mutations

You are a hulking beast.
Your limbs bulge with bestial killing power. (Slay +5)
You can breathe blasts of fire.
Your fiery red scales are hard. (AC +7)
You cannot fit into any form of body armour.
Your flesh is heat resistant. (rF+)
You are cold-blooded and may be slowed by cold attacks.


Message History

You kill the gnoll!
The Council accepts your kill. The goblin hits you with a +0 hand axe.
You hit the goblin. Your punch misses the goblin.
The goblin is heavily wounded.
The goblin barely misses you.
An orc knight comes into view. It is wielding a +0 battleaxe.
You completely miss the goblin.
The goblin is heavily wounded.
The orc knight shouts!
You hear a shout! x2
The goblin barely misses you. The hobgoblin closely misses you.
Unknown command.
You closely miss the goblin.
The goblin is heavily wounded.
The hobgoblin closely misses you. The goblin closely misses you.
Unknown command.
You pummel the goblin!!
You kill the goblin!
The Council accepts your kill.
The hobgoblin hits you but does no damage.
You punch the hobgoblin!
You kill the hobgoblin!
The Council accepts your kill.
You punch the hobgoblin!
You kill the hobgoblin!
The Council accepts your kill.
An orc warrior comes into view. It is wielding a +0 war axe.
The orc knight attacks as you move away!
The orc knight hits you with a +0 battleaxe!!
There is a large open door here.
The orc knight attacks as you move away!
The orc knight hits you with a +0 battleaxe!!
* * * LOW HITPOINT WARNING * * *
Aiming: Breathe Fire (4% risk of failure)
Press: ? - help, Shift-Dir - straight line You breathe a blast of fire.
The fiery breath hits the orc knight!
The orc knight is lightly wounded.
The orc knight is engulfed in blazing flames.
The orc knight hits you with a +0 battleaxe!!
You die...

#≈≈≈≈≈######...###########
#≈≈≈≈≈~.#......#
######.≈≈≈≈~.#.)....#
#......≈≈≈≈~.#')#####
###......≈≈≈≈~.#..)..#
#..............'.....#
#∩..∩..........'))⌠..#
#..............'.)...#
###......≈≈≈≈~.#h....#
#......≈≈≈≈~.#'o#####
######.≈≈≈≈~.#......#
#≈≈≈≈≈~.#...)).#
#≈≈≈≈≈######...# #≈≈≈≈≈#
#.8.8. #≈≈≈≈≈# #....o..
#≈≈≈≈≈# ######## #≈≈≈≈≈#


You could see an orc knight and an orc warrior.

Vanquished Creatures
  Pikel (D:6)
  Prince Ribbit (D:7)
  3 orc warriors (Bailey)
  A black bear (D:6)
  An ice beast (D:5)
  An ogre (D:6)
  A centaur (D:5)
  A lemure (D:6)
  A phantom (D:6)
  A gnoll sergeant (D:7)
  A bullfrog (D:6)
  3 scorpions (D:6)
  4 killer bees (D:7)
  3 electric eels (Bailey)
  3 howler monkeys
  4 jellies
  A gnoll bouda (D:7)
  An orc priest (D:6)
  4 hounds
  2 sleepcaps (D:6)
  Jessica (D:3)
  5 iguanas
  5 orc wizards
  9 gnolls
  3 adders
  2 shadow imps
  2 ufetubi
  A dart slug (D:2)
  17 orcs
  2 ball pythons (D:1)
  7 bats
  5 endoplasms
  2 giant cockroaches
  8 goblins
  17 hobgoblins
  2 jackals (D:1)
  2 quokkas
  3 frilled lizards
  5 kobolds
  5 rats
141 creatures vanquished.

Notes
Turn   | Place    | Note
-------+----------+-------------------------------------------
     0 | D:1      | floatRand the Draconian Shapeshifter began the quest for
                  | the Orb.
     0 | D:1      | Reached XP level 1. HP: 16/16 MP: 1/1
     2 | D:1      | Noticed a ghoul
     2 | D:1      | Noticed a naga
     4 | D:1      | Noticed a demigod
     6 | D:1      | Noticed a merfolk
     6 | D:1      | Noticed a minotaur
     8 | D:1      | Noticed an ogre
     8 | D:1      | Noticed a demonspawn
    10 | D:1      | Noticed a vine stalker
    12 | D:1      | Noticed an octopode
    12 | D:1      | Noticed a gargoyle
    14 | D:1      | Noticed a tengu
    14 | D:1      | Noticed a meteoran
    16 | D:1      | Noticed a vampire
    16 | D:1      | Noticed a formicid
    18 | D:1      | Noticed a felid
    18 | D:1      | Noticed a draconian
    20 | D:1      | Noticed a spriggan
    20 | D:1      | Noticed an armataur
    22 | D:1      | Noticed a human
    24 | D:1      | Noticed an elf
    24 | D:1      | Noticed an elf
    26 | D:1      | Noticed an octopode
    26 | D:1      | Noticed a vampire
   165 | D:1      | Reached XP level 2. HP: 18/23 MP: 2/2
   446 | D:1      | Reached XP level 3. HP: 28/28 MP: 3/3
   721 | D:2      | Reached skill level 4 in Unarmed Combat
   838 | D:2      | Found a faded altar of an unknown god.
  1056 | D:3      | Found an ornate altar of the Wu Jian Council.
  1099 | D:3      | Noticed a spectral centipede
  1099 | D:3      | Noticed a spectral black mamba
  1099 | D:3      | Noticed a spectral scorpion
  1099 | D:3      | Noticed a spectral cane toad
  1100 | D:3      | Became a worshipper of the Wu Jian Council
  1191 | D:3      | Found a runed translucent door.
  1192 | D:3      | Noticed Crazy Yiuf
  1248 | D:3      | Noticed Jessica
  1253 | D:3      | Killed Jessica
  1254 | D:3      | Reached XP level 4. HP: 31/35 MP: 4/4
  1549 | D:4      | Reached skill level 5 in Unarmed Combat
  1549 | D:4      | Reached XP level 5. HP: 21/40 MP: 5/5
  2322 | D:5      | Entered Level 5 of the Dungeon
  2335 | D:5      | Reached XP level 6. HP: 47/47 MP: 6/6
  2346 | D:5      | Reached * piety under Wu Jian
  2347 | D:5      | Reached skill level 6 in Unarmed Combat
  2473 | D:5      | Found a staircase to the Ecumenical Temple.
  2507 | D:5      | Found Metiqel's Book Shoppe.
  2567 | D:5      | Identified the +7 whip of Blood {chaos, rF++ Str+2}
  2583 | D:5      | Noticed an ice beast
  2593 | D:5      | Killed an ice beast
  2645 | D:5      | Found a burning altar of Makhleb.
  2649 | D:5      | Found an ancient bone altar of Kikubaaqudgha.
  2685 | D:5      | Your scales start taking on a fiery red colour.
  2685 | D:5      | Reached XP level 7. HP: 28/52 MP: 7/7
  2685 | D:5      | Gained mutation: Your flesh is heat resistant. (rF+) [Red
                  | Draconian growth]
  2928 | D:5      | Reached skill level 7 in Unarmed Combat
  3003 | D:5      | Found an iron altar of Okawaru.
  3244 | D:6      | Reached skill level 5 in Shapeshifting
  3524 | D:6      | Reached skill level 8 in Unarmed Combat
  3528 | D:6      | Reached XP level 8. HP: 59/59 MP: 8/8
  3911 | D:6      | Noticed Pikel
  3957 | D:6      | Killed Pikel
  3958 | D:6      | Reached skill level 9 in Unarmed Combat
  4432 | D:6      | Reached skill level 10 in Unarmed Combat
  4498 | D:7      | Found a flagged portal.
  4518 | D:7      | Found a glowing golden altar of the Shining One.
  4526 | D:7      | Reached XP level 9. HP: 64/64 MP: 9/9
  4597 | D:7      | Reached ** piety under Wu Jian
  4722 | D:7      | Noticed Prince Ribbit
  4729 | D:7      | Killed Prince Ribbit
  4760 | Bailey   | Entered a bailey
  5077 | Bailey   | Reached skill level 11 in Unarmed Combat
  5122 | Bailey   | Acquired the +0 pair of gloves "Piutsuet" {rElec Will++
                  | Str-4 Int+3}
  5342 | Bailey   | Noticed an orc knight
  5351 | Bailey   | Slain by an orc knight

Illustrated notes

Levels and vault maps discovered:
D:1:      kb_arrival_jail, layout_rooms
D:2:      layout_rooms, hellmonk_ecumenical_altar_lost_god
D:3:      layout_rooms, pdpol_wu_jian_five_deadly_venoms, minmay_unequal,
          uniq_crazy_yiuf_cottage, uniq_jessica
D:4:      layout_basic
D:5:      layout_basic, hellmonk_okawaru_the_only_friend_you_need,
          grunt_temple_overflow_open, minmay_temple_entry_large_hall,
          serial_shops, nicolae_book_shop_shelving, nrook_pool_corridor,
          serial_bayou_ford_a
D:6:      layout_gridville, hex_tiny, uniq_pikel
D:7:      layout_cave_pools, mainiacjoe_overflow_boulevard,
          mainiacjoe_overflow_alcove_2, enter_bailey_2, uniq_prince_ribbit1
Bailey:   bailey_axe_of_yendor_kennysheep, bailey

Skill      XL: |  1  2  3  4  5  6  7  8  9 |
---------------+----------------------------+-----
Unarmed Combat | 4 5 6 8 10 11 | 11.2
Shapeshifting  | 4 5 6 7 |  7.1
Fighting       | |  1.1
Dodging        | |  1.7

Action                     |  1- 3 |  4- 6 |  7- 9 || total
---------------------------+-------+-------+-------++-------
  Melee: Unarmed           |    92 |    95 |   154 ||   341
         Punch             |     1 |     4 |     6 ||    11
         Tailslap          |     7 |    10 |    24 ||    41
Ability: Lunge             |     1 |    13 |    14 ||    28
         Whirlwind         |       |     1 |    11 ||    12
         Breathe Fire      |       |       |     8 ||     8
    Use: Scroll            |     2 |       |    13 ||    15
         Potion            |       |     1 |     1 ||     2
   Stab: Sleeping          |     1 |       |       ||     1
 Armour: Skin              |    34 |    15 |    30 ||    79
  Dodge: Dodged            |    65 |    40 |    66 ||   171

Table legend: (Time is in decaauts)
 A = Elapsed time spent in this place.
 B = Non-inter-level travel time spent in this place.
 C = Inter-level travel time spent in this place.
 D = Time resting spent in this place.
 E = Time spent auto-exploring this place.
 F = Levels seen in this place.
 G = Mean time per level.
                   A        B        C        D        E       F      G
               +--------+--------+--------+--------+--------+-----+--------+
         Total |   5328 |   5197 |    131 |    795 |   3228 |   8 |  666.0 |
       Dungeon |   4742 |   4611 |    131 |    425 |   3182 |   7 |  677.4 |
        Bailey |    586 |    586 |      0 |    370 |     46 |   1 |  586.0 |
               +--------+--------+--------+--------+--------+-----+--------+

Top non-repeatable levels by time:
     D:6: 1292 daAuts
     D:5: 856 daAuts
     D:4: 832 daAuts
  Bailey: 586 daAuts
     D:1: 574 daAuts
     D:3: 525 daAuts
     D:2: 381 daAuts
     D:7: 278 daAuts
